 Dungeon Crawl Stone Soup version 0.14.0-12-g87ee3b7 (webtiles) character file.

231 staplegun the Sneak (level 4, -2/22 HPs)
             Began as a Spriggan Skald on Apr 16, 2014.
             Killed by divine providence
             ... invoked by an orc priest
              (13 damage)
             ... on Level 6 of the Dungeon.
             The game lasted 00:06:22 (2782 turns).

staplegun the Sneak (Spriggan Skald)                Turns: 2782, Time: 00:06:22

HP  -2/22        AC  3     Str  8      XL: 4   Next: 83%
MP  12/12        EV 18     Int 14      God:
Gold 105         SH  0     Dex 15      Spells:  1 memorised,  7 levels left

rFire  . . .     SeeInvis +     a - +0 short sword
rCold  . . .     Clarity  .     b - +0 robe
rNeg   . . .     Conserve .     (shield restricted)
rPois  .         rCorr    .     (helmet restricted)
rElec  .         rRot     .     g - +0 cloak
SustAb . .       Spirit   .     (gloves unavailable)
rMut   .         Warding  .     (boots unavailable)
Saprov . . .     Stasis   .     (no amulet)
MR     .....                    (no ring)
                                (no ring)

@: very quick, not resistant to hostile enchantments, quite stealthy
A: unfitting armour, see invisible, herbivore 3, speed 3, slow metabolism 2
a: no special abilities


You were on level 6 of the Dungeon.
You were not hungry.

You visited 2 branches of the dungeon, and saw 7 of its levels.

You collected 105 gold pieces.

Inventory:

Hand weapons
 a - a +0,+0 short sword (weapon)
Missiles
 f - a dart (quivered)
Armour
 b - a +0 robe (worn)
 g - a +0 cloak (worn)
Comestibles
 i - 5 bread rations
 l - a choko
 n - an apple
Scrolls
 e - 5 scrolls of identify {unknown}
 k - a scroll of noise {unknown}
 m - 5 scrolls of enchant weapon II {unknown}
 o - a scroll of fear {unknown}
 q - 5 scrolls of remove curse {unknown}
 r - 2 scrolls of amnesia {unknown}
 s - a scroll of enchant armour {unknown}
Potions
 d - a potion of porridge
 h - a potion of lignification {unknown}
 j - 3 potions of haste {unknown}
 p - a potion of flight {unknown}
Books
 c - a book of Battle

   Spells                             Type                      Level
   *Infusion                          Charms                       1
   Shroud of Golubria                 Charms/Translocation         2
   Song of Slaying                    Charms                       2
   Spectral Weapon                    Hexes/Charms                 3
   Regeneration                       Charms/Necromancy            3
 t - a book of Power

   Spells                             Type                      Level
   Fulminant Prism                    Conjuration/Hexes            4
   Iskenderun's Mystic Blast          Conjuration                  4
   Venom Bolt                         Conjuration/Poison           5
   Bolt of Magma                      Conjuration/Fire/Earth       5
   Iron Shot                          Conjuration/Earth            6
   Orb of Destruction                 Conjuration                  7


   Skills:
 - Level 1.5 Fighting
 + Level 3.3 Short Blades
 - Level 3.7 Dodging
 + Level 5.1 Stealth
 - Level 2.7 Spellcasting
 - Level 4.4 Charms


You had 7 spell levels left.
You knew the following spells:

 Your Spells              Type           Power        Failure   Level  Hunger
a - Infusion              Chrm           ##....       3%          1    #......


Dungeon Overview and Level Annotations

Branches:
Dungeon (6/15)             Temple (1/1) D:5

Altars:
Ashenzari
Cheibriados
Elyvilon
Fedhas
Kikubaaqudgha
Makhleb
Okawaru
Sif Muna
Trog
Vehumet
Xom
Yredelemnul
Zin
The Shining One

Shops:
D:6 }

Annotations:
D:6 Natasha


Innate Abilities, Weirdness & Mutations

You are tiny and cannot use many weapons and most armour.
You have supernaturally acute eyesight.
You are a herbivore.
You cover ground extremely quickly.
You need consume almost no food.


Message History

The orc wizard shouts!
An orc and Natasha come into view.
The orc shouts!
An orc comes into view.
The orc shouts!
The orc wizard casts a spell at you. The puff of flame hits you!
Natasha stares at you and mumbles some strange words.
You easily resist.
Found 3 curare-tipped needles.
A quokka comes into view.
The orc wizard shouts!
The orc priest mumbles some strange prayers to Beogh against you.
Something smites you!
The orc wizard mumbles some strange words.
The orc wizard seems to speed up.
The orc priest calls down the wrath of Beogh upon you.
Something smites you!
Ouch! That really hurt!
You die...

## ### ###. ..
... #. .. # #.#.
.### #..###.....
#.@....# ###.####
##.#######.
#.........#
#.....##.#.
#.h.(.# #..oo.##.
.###.###.##.o....
..o..h.....o..#..


You could see an orc priest, an orc wizard, Natasha and an orc.

Vanquished Creatures
  A giant frog (D:6)
  An adder (D:2)
  3 orcs (D:3)
  8 bats
  4 giant cockroaches
  2 hobgoblins
  2 jackals (D:3)
  A giant newt (D:1)
  4 goblins
  13 kobolds
  A quokka (D:5)
  6 rats
46 creatures vanquished.

Notes
Turn   | Place    | Note
--------------------------------------------------------------
     0 | D:1      | staplegun, the Spriggan Skald, began the quest for the Orb.
     0 | D:1      | Reached XP level 1. HP: 10/10 MP: 4/4
   352 | D:1      | Found a shimmering altar of Xom.
   352 | D:1      | Found a shimmering altar of Xom.
   352 | D:1      | Found a shimmering altar of Xom.
   368 | D:1      | Reached skill level 1 in Stealth
   377 | D:1      | Reached XP level 2. HP: 14/14 MP: 7/7
  1100 | D:2      | Reached XP level 3. HP: 15/18 MP: 9/9
  1219 | D:2      | Found a glowing silver altar of Zin.
  1770 | D:3      | Found a glowing golden altar of the Shining One.
  2423 | D:5      | Entered Level 5 of the Dungeon
  2482 | D:5      | Found a staircase to the Ecumenical Temple.
  2487 | Temple   | Entered the Ecumenical Temple
  2638 | D:5      | Noticed a phantom
  2653 | D:6      | Noticed a scorpion
  2653 | D:6      | Noticed a sky beast
  2653 | D:6      | Noticed an ogre
  2699 | D:5      | Noticed a centaur
  2705 | D:5      | Noticed a centaur
  2712 | D:6      | Noticed an ogre
  2736 | D:6      | Noticed a giant frog
  2742 | D:6      | Killed a giant frog
  2742 | D:6      | Reached skill level 5 in Stealth
  2742 | D:6      | Reached XP level 4. HP: 22/22 MP: 12/12
  2761 | D:6      | Found Oza Tar's Gadget Shop.
  2773 | D:6      | Noticed Natasha
  2782 | D:6      | Killed from afar by an orc priest

Action                   |  1- 3 |  4- 6 || total
-------------------------+-------+-------++-------
Melee: Short sword       |   224 |     2 ||   226
Throw: Dart              |     5 |       ||     5
 Stab: Sleeping          |     7 |       ||     7
